[Event "*** SCC Grand Prix: Titled Tuesday Blitz"]
[Site "Chess.com"]
[Date "2020.10.13"]
[Round "3"]
[White "korkmaz16"]
[Black "Jabberwockiez"]
[Result "1-0"]
[WhiteElo "2396"]
[BlackElo "2223"]
[TimeControl "180+1"]
[EndTime "10:25:36 PDT"]
[Termination "korkmaz16 won by resignation"]

1. e4 c5 2. Nc3 Nc6 3. f4 g6 4.
Nf3 Bg7 5. Bb5 e6 6. Bxc6 bxc6 7. O-O d5 8. d3 Ne7 9. Qe1 O-O 10. Qh4 f5 11.
exd5 cxd5 12. Re1 d4 13. Na4 Qa5 14. b3 Bb7 15. Qxe7 Bxf3 16. Qxe6+ Kh8 17. gxf3 c4 18. Ba3 Rfc8 19. dxc4 d3 20. cxd3 Bxa1 21. Rxa1 1-0

[Event "*** SCC Grand Prix: Titled Tuesday Blitz"]
[Site "Chess.com"]
[Date "2020.10.13"]
[Round "3"]
[White "JoakimVonAnd"]
[Black "WonderChampion"]
[Result "1-0"]
[WhiteElo "2490"]
[BlackElo "2023"]
[TimeControl "180+1"]
[EndTime "10:25:38 PDT"]
[Termination "JoakimVonAnd won by resignation"]

1. d4 d5 2. Bf4 Nf6 3. e3 e6 4.
Nf3 c5 5. c3 Nc6 6. Nbd2 cxd4 7. exd4 Bd6 8. Bg3 O-O 9. Bd3 a6 10. a4 Qe7 11. O-O Rd8 12. Re1 Bd7 13. Ne5 Bxe5 14.
dxe5 Ne8 15. f4 g6 16. Qg4 Ng7 17. Bh4 Qe8 18. Bf6 Rdc8 19. Re3 Qf8 20. Rh3 Nf5 21.
Bxf5 exf5 22. Qh4 h5 23. Qg5 Kh7 24. Rxh5+ gxh5 25. Qxh5+ Qh6 26. Qxf7+ 1-0

[Event "*** SCC Grand Prix: Titled Tuesday Blitz"]
[Site "Chess.com"]
[Date "2020.10.13"]
[Round "3"]
[White "SilviusTiberius"]
[Black "BAS8892"]
[Result "1-0"]
[WhiteElo "2585"]
[BlackElo "2783"]
[TimeControl "180+1"]
[EndTime "10:25:42 PDT"]
[Termination "SilviusTiberius won by resignation"]

1. e4 c6 2. d4 d5 3. exd5 cxd5 4. Bd3 Nc6 5. c3 Qc7 6. Ne2 Bg4 7. O-O e6 8. Qe1 Nf6 9. Bg5 Be7 10. f3 Bh5 11. Qh4 Bg6 12. Bxg6 fxg6 13. Nf4 Kf7 14. Qh3 Qd6 15. Re1 Nd8 16. Nd3 Qb6 17. Nd2 h6 18.
Ne5+ Kg8 19. Nxg6 Bd6 20. Bxf6 gxf6 21. Nxh8 Kxh8 22. Qxh6+ Kg8 23. Qg6+ Kf8 24. Qxf6+ Ke8 25. Rxe6+ Nxe6 26. Qxe6+ Be7 27. Qg8+ Kd7 28. Qxa8 Qxb2 29. Nb3 Kc7 1-0

[Event "*** SCC Grand Prix: Titled Tuesday Blitz"]
[Site "Chess.com"]
[Date "2020.10.13"]
[Round "3"]
[White "Iskusnyh"]
[Black "PowerThinking2650"]
[Result "1-0"]
[WhiteElo "2572"]
[BlackElo "2373"]
[TimeControl "180+1"]
[EndTime "10:25:45 PDT"]
[Termination "Iskusnyh won by resignation"]

1. d4 Nf6 2. c4 g6 3. g3 Bg7 4. Bg2 O-O 5. Nc3 d6 6. Nf3 Nbd7 7. O-O e5 8. e4 a6 9. Qc2 exd4 10. Nxd4 Ng4 11.
Nde2 Nc5 12. b3 f5 13. h3 Nf6 14. e5 dxe5 15. Ba3 Nfd7 16. Rad1 e4 17. Bxc5 Nxc5 18.
Rxd8 Rxd8 19. Nf4 c6 20. Rd1 Be6 21. b4 1-0

[Event "*** SCC Grand Prix: Titled Tuesday Blitz"]
[Site "Chess.com"]
[Date "2020.10.13"]
[Round "3"]
[White "diamonds13"]
[Black "CheckThis4"]
[Result "0-1"]
[WhiteElo "2409"]
[BlackElo "2609"]
[TimeControl "180+1"]
[EndTime "10:25:48 PDT"]
[Termination "CheckThis4 won by resignation"]

1. d4 Nf6 2. c4 e5 3. dxe5 Ng4 4. Bf4 Bb4+ 5. Nd2 d6 6. exd6 Qf6 7. e3 g5 8. dxc7 Nc6 9. Bg3 h5 10. h3 h4 11.
hxg4 hxg3 12. Rxh8+ Qxh8 13. fxg3 Qxb2 14. Nf3 Bxg4 15. Rc1 Bxf3 16. gxf3 Qe5 17. Qb3 Qxg3+ 18. Kd1 Qxc7 19. Rc2 O-O-O 20. a3 Ba5 21. Bh3+ Kb8 22.
Rb2 Rxd2+ 23. Rxd2 Bxd2 24. Qd3 Ba5 25. Bg4 Qd8 26.
Ke2 Qxd3+ 27. Kxd3 Ne5+ 28. Ke4 Nxg4 29. fxg4 Bd8 0-1

[Event "*** SCC Grand Prix: Titled Tuesday Blitz"]
[Site "Chess.com"]
[Date "2020.10.13"]
[Round "3"]
[White "maciek_92"]
[Black "Semen16"]
[Result "0-1"]
[WhiteElo "2749"]
[BlackElo "2468"]
[TimeControl "180+1"]
[EndTime "10:25:55 PDT"]
[Termination "Semen16 won by resignation"]

1. e4 e5 2. Nf3 Nc6 3. c3 d5 4.
Qa4 Nf6 5. Nxe5 Bd6 6. d4 Nxe4 7. Bd3 O-O 8. Nxc6 bxc6 9. O-O Qh4 10. g3 Qh3 11. Qc2 f5 12. f3 Nf6 13. Qg2 Qh5 14.
Re1 f4 15. g4 Nxg4 16. fxg4 Bxg4 17. Nd2 f3 18. Qf2 Bxh2+ 19. Qxh2 f2+ 20. Qxf2 Rxf2 21. Kxf2 Qh2+ 22. Ke3 Qg3+ 23. Nf3 Bxf3 24. Kd2 Qf2+ 25. Be2 Re8 0-1

[Event "*** SCC Grand Prix: Titled Tuesday Blitz"]
[Site "Chess.com"]
[Date "2020.10.13"]
[Round "3"]
[White "VMikhalevski"]
[Black "cholzan"]
[Result "1-0"]
[WhiteElo "2713"]
[BlackElo "2443"]
[TimeControl "180+1"]
[EndTime "10:25:58 PDT"]
[Termination "VMikhalevski won by resignation"]

1. d4 d6 2. Nf3 Nd7 3. c4 e5 4. Nc3 Ngf6 5. e4 Be7 6. Be2 O-O 7. O-O c6 8. Qc2 a6 9. Rd1 b5 10. dxe5 dxe5 11. Nxe5 Nxe5 12. Rxd8 Rxd8 13. cxb5 cxb5 14. Bf4 Ng6 15. Bc7 Rd7 16. Bg3 Bb7 17. Bf3 b4 18.
Nd5 Nxd5 19. exd5 Bf6 20. d6 Bxf3 21. gxf3 Rad8 22. Re1 Bh4 23. Bxh4 Nxh4 24. Qc6 h6 25. Rd1 Nf5 26. Qxa6 Rxd6 27. Rxd6 Rxd6 28. Qc8+ 1-0

[Event "*** SCC Grand Prix: Titled Tuesday Blitz"]
[Site "Chess.com"]
[Date "2020.10.13"]
[Round "3"]
[White "Pashinskiy_Mikhail"]
[Black "Stalri"]
[Result "1-0"]
[WhiteElo "2333"]
[BlackElo "2165"]
[TimeControl "180+1"]
[EndTime "10:26:06 PDT"]
[Termination "Pashinskiy_Mikhail won by resignation"]

1. e4 c5 2. Nc3 e6 3. Nge2 Nc6 4. g3 d5 5. exd5 exd5 6. Bg2 Nf6 7. d4 Be6 8. O-O Be7 9. dxc5 Bxc5 10. Bg5 O-O 11. Nf4 d4 12. Ne4 Be7 13. Nxe6 fxe6 14. Re1 Rc8 15. Qe2 Kh8 16. Nxf6 Bxf6 17. Bxf6 Qxf6 18.
Rad1 e5 19. Rd2 Rce8 20. Be4 b6 21. a3 Nd8 22. Rd3 Ne6 23. Rf3 Qg5 24. h4 Qg4 25. Rxf8+ Rxf8 26. Qxg4 1-0

[Event "*** SCC Grand Prix: Titled Tuesday Blitz"]
[Site "Chess.com"]
[Date "2020.10.13"]
[Round "3"]
[White "HanSchut"]
[Black "witcher8"]
[Result "0-1"]
[WhiteElo "2239"]
[BlackElo "2442"]
[TimeControl "180+1"]
[EndTime "10:26:09 PDT"]
[Termination "witcher8 won by checkmate"]

1. e4 c6 2. d4 d5 3. e5 Bf5 4. Nf3 e6 5. Be2 Nd7 6. O-O h6 7. c4 Ne7 8. cxd5 cxd5 9. Nc3 Nc6 10. h3 Be7 11. Be3 O-O 12. Qd2 Kh7 13. Rac1 Rc8 14.
g4 Bg6 15. h4 Bxh4 16. Nxh4 Qxh4 17. Kg2 Ndxe5 18. dxe5 d4 19. Bxh6 dxc3 20. Rxc3 Be4+ 21. f3 Qxg4+ 22. Kf2 Qh4+ 23. Kg2 gxh6 24. Rg1 Rg8+ 25.
Kf1 Rxg1+ 26. Kxg1 Rg8+ 27. Kf1 Qh1+ 28. Kf2 Qg1# 0-1

[Event "*** SCC Grand Prix: Titled Tuesday Blitz"]
[Site "Chess.com"]
[Date "2020.10.13"]
[Round "3"]
[White "VladimirBugayev"]
[Black "PLAYER_2006_M"]
[Result "1-0"]
[WhiteElo "2345"]
[BlackElo "2531"]
[TimeControl "180+1"]
[EndTime "10:26:11 PDT"]
[Termination "VladimirBugayev won by resignation"]

1. e4 e5 2. Nf3 Nc6 3. d4 exd4 4. Nxd4 Nf6 5. Nxc6 bxc6 6. e5 Qe7 7. Qe2 Nd5 8. h4 g6 9. c4 Ba6 10. g3 Bg7 11. f4 O-O 12. h5 f6 13. hxg6 hxg6 14. Qh2 fxe5 15. cxd5 exf4+ 16. Kd1 Bxf1 17. Qh7+ Kf7 18.
Rxf1 g5 19. Qh5+ Kg8 20. gxf4 Rae8 21. Nc3 Rf5 22. Bd2 cxd5 23. Re1 Qxe1+ 24. Bxe1 Rxf4 25.
Qxe8+ 1-0

[Event "*** SCC Grand Prix: Titled Tuesday Blitz"]
[Site "Chess.com"]
[Date "2020.10.13"]
[Round "3"]
[White "annacramling"]
[Black "PauloCesarCosta_sad"]
[Result "1/2-1/2"]
[WhiteElo "1983"]
[BlackElo "2266"]
[TimeControl "180+1"]
[EndTime "10:26:17 PDT"]
[Termination "Game drawn by agreement"]

1. d4 d5 2. c4 c6 3. Nf3 e6 4. e3 f6 5. Nc3 f5 6. Bd3 Nf6 7.
Qc2 Ne4 8. h3 Bd6 9. g4 O-O 10.
cxd5 cxd5 11. gxf5 Nxc3 12. Qxc3 exf5 13. Bd2 Nc6 14. Qb3 Be6 15. O-O-O Qb6 16. Qxb6 axb6 17. Kb1 Nb4 18. Bxb4 Bxb4 19. Rc1 Rac8 1/2-1/2

[Event "*** SCC Grand Prix: Titled Tuesday Blitz"]
[Site "Chess.com"]
[Date "2020.10.13"]
[Round "3"]
[White "Oleksandr_Bortnyk"]
[Black "JakubPulpan"]
[Result "1-0"]
[WhiteElo "2906"]
[BlackElo "2674"]
[TimeControl "180+1"]
[EndTime "10:26:19 PDT"]
[Termination "Oleksandr_Bortnyk won by resignation"]

1. e4 e5 2. Nf3 Nc6 3. d4 exd4 4. Nxd4 Bb4+ 5. c3 Bc5 6. Be3 Bb6 7. Nf5 Bxe3 8. Nxe3 Nf6 9. Nd2 d5 10. Bb5 dxe4 11.
Qa4 O-O 12. Nxe4 Nxe4 13. Qxe4 Re8 14. Qf4 Ne5 15. Rd1 Bd7 16. Bxd7 Nxd7 17. Qg4 Re7 18. O-O h5 19. Qxh5 Qf8 20. Nf5 1-0

[Event "*** SCC Grand Prix: Titled Tuesday Blitz"]
[Site "Chess.com"]
[Date "2020.10.13"]
[Round "3"]
[White "venus02"]
[Black "Onischuk_V"]
[Result "1-0"]
[WhiteElo "2481"]
[BlackElo "2812"]
[TimeControl "180+1"]
[EndTime "10:26:22 PDT"]
[Termination "venus02 won by resignation"]

1. e4 d6 2. d4 Nf6 3. Nc3 g6 4.
Nf3 Bg7 5. Be2 O-O 6. O-O c6 7. a4 Nbd7 8. h3 e5 9. dxe5 dxe5 10. Be3 Qe7 11. Qc1 Nc5 12. Nd2 Ne6 13. Nc4 Nd4 14.
Re1 Rd8 15. Bf1 Ne8 16. b3 Be6 17. a5 Qc7 18. Ra4 Nd6 19. Nxd6 Rxd6 20. Bc4 Bd7 21.
Ra1 Rd8 22. Ne2 Ne6 23. Bxa7 Ra8 24. Bb6 Qc8 25. Rd1 Rxd1+ 26. Qxd1 Nf4 27. Nxf4 exf4 28. Bd4 Bf8 29. Bb2 Bc5 30. Qd2 Be6 31. Qc3 Kf8 32.
Bxe6 1-0

[Event "*** SCC Grand Prix: Titled Tuesday Blitz"]
[Site "Chess.com"]
[Date "2020.10.13"]
[Round "3"]
[White "Kavyev_Ruslan"]
[Black "Cocaino74"]
[Result "0-1"]
[WhiteElo "2548"]
[BlackElo "2377"]
[TimeControl "180+1"]
[EndTime "10:26:24 PDT"]
[Termination "Cocaino74 won by resignation"]

1. d4 d5 2. c4 e6 3. g3 c6 4.
Bg2 dxc4 5. Nf3 b5 6. Ne5 Bb7 7.
Nc3 Qc8 8. b3 b4 9. Ne4 c3 10. Ng5 Nh6 11. Nd3 Nd7 12. O-O Be7 13. Ne4 Nf5 14. e3 h5 15. h3 a5 16. a3 g6 17. Qf3 O-O 18. Nec5 Bxc5 19. dxc5 Ba6 20. Rd1 Bxd3 21. Rxd3 Nxc5 22. Rd1 Nxb3 23. Rb1 c2 24. Rxb3 cxd1=Q+ 25. Qxd1 Rd8 26. Qc2 Qd7 27. axb4 Qd1+ 28. Qxd1 Rxd1+ 29. Kh2 Rxc1 30. Bxc6 Rxc6 0-1

[Event "*** SCC Grand Prix: Titled Tuesday Blitz"]
[Site "Chess.com"]
[Date "2020.10.13"]
[Round "3"]
[White "BocharovD"]
[Black "AleksanderHnydiuk"]
[Result "1-0"]
[WhiteElo "2797"]
[BlackElo "2556"]
[TimeControl "180+1"]
[EndTime "10:26:25 PDT"]
[Termination "BocharovD won by resignation"]

1. d4 Nf6 2. c4 g6 3. g3 Bg7 4. Bg2 d5 5. cxd5 Nxd5 6. Nf3 Nc6 7. O-O Nb6 8. e3 O-O 9. Nc3 Re8 10. h3 a5 11. d5 Bxc3 12. dxc6 Bg7 13. Nd4 bxc6 14. Qc2 Bb7 15. Nxc6 Qc8 16. Bd2 e5 17. Rfd1 a4 18. Bb4 Kh8 19. Rac1 Qe6 20. a3 h5 21. Rd2 h4 22. g4 Ra6 23. Nd8 1-0

[Event "*** SCC Grand Prix: Titled Tuesday Blitz"]
[Site "Chess.com"]
[Date "2020.10.13"]
[Round "3"]
[White "Thee-Chessboy"]
[Black "starworld123"]
[Result "0-1"]
[WhiteElo "2444"]
[BlackElo "2722"]
[TimeControl "180+1"]
[EndTime "10:26:25 PDT"]
[Termination "starworld123 won by resignation"]

1. d4 Nf6 2. c4 e6 3. Nf3 d5 4. g3 dxc4 5. Qa4+ Nbd7 6. Qxc4 a6 7. Bf4 c5 8. dxc5 Bxc5 9. Bg2 b5 10. Qc2 Bb7 11.
O-O Rc8 12. Qd1 O-O 13. Bd6 Re8 14. Bxc5 Nxc5 15. Nbd2 Na4 16. Qb3 Qe7 17. Ne5 Bxg2 18.
Kxg2 Qb7+ 19. Kg1 Red8 20. Ndf3 Ne4 21. Rac1 Qb6 22. Rxc8 Rxc8 23. e3 h6 24. Rd1 a5 25.
Rd7 Rc1+ 26. Kg2 Nac5 0-1

[Event "*** SCC Grand Prix: Titled Tuesday Blitz"]
[Site "Chess.com"]
[Date "2020.10.13"]
[Round "3"]
[White "MisiekZielony"]
[Black "Natalya_Buksa"]
[Result "0-1"]
[WhiteElo "2241"]
[BlackElo "2511"]
[TimeControl "180+1"]
[EndTime "10:26:25 PDT"]
[Termination "Natalya_Buksa won by resignation"]

1. c4 e6 2. Nc3 d5 3. d4 Be7 4. Nf3 Nf6 5. cxd5 exd5 6. Bf4 c6 7. e3 Bf5 8. Bd3 Bxd3 9. Qxd3 O-O 10. O-O Nbd7 11.
h3 Nb6 12. Bh2 Bd6 13. Ne5 Re8 14. Rab1 Qe7 15. a3 Nfd7 16. Nxd7 Qxd7 17. Bxd6 Qxd6 18.
Qc2 Nc4 19. Ra1 Re6 20. Ne2 Rae8 21. Nf4 Re4 22. Nd3 Rh4 23. Nf4 Qe7 24. g3 Rh6 25. h4 Nd6 26. Kg2 Ne4 27. f3 Nxg3 28.
Kxg3 Qxh4+ 0-1

[Event "*** SCC Grand Prix: Titled Tuesday Blitz"]
[Site "Chess.com"]
[Date "2020.10.13"]
[Round "3"]
[White "Trovita84"]
[Black "wanyaland"]
[Result "0-1"]
[WhiteElo "2030"]
[BlackElo "2287"]
[TimeControl "180+1"]
[EndTime "10:26:33 PDT"]
[Termination "wanyaland won by resignation"]

1. e4 c5 2. Nc3 d6 3. g3 Nc6 4. Bg2 g6 5. f4 Bg7 6. Nf3 Nf6 7. O-O O-O 8. h3 Rb8 9. a4 b6 10. g4 Nd4 11. d3 Ba6 12. Be3 Nd7 13. f5 Rc8 14. fxg6 hxg6 15. h4 Ne5 16. Nxe5 dxe5 17. h5 e6 18. hxg6 fxg6 19. Qd2 Qh4 20. g5 c4 21. Nb5 Bxb5 22. axb5 cxd3 23. cxd3 Rxf1+ 24. Rxf1 Rc2 25. Qd1 Ne2+ 0-1

[Event "*** SCC Grand Prix: Titled Tuesday Blitz"]
[Site "Chess.com"]
[Date "2020.10.13"]
[Round "3"]
[White "kingnb"]
[Black "AurumO"]
[Result "1-0"]
[WhiteElo "2622"]
[BlackElo "1928"]
[TimeControl "180+1"]
[EndTime "10:26:36 PDT"]
[Termination "kingnb won by checkmate"]

1. d4 d5 2. Nf3 Nf6 3. e3 c5 4. Nbd2 Nc6 5. Bd3 Bg4 6. c3 e6 7. O-O Bd6 8. h3 Bh5 9. dxc5 Bxc5 10. e4 Bxf3 11. Qxf3 dxe4 12. Nxe4 Ne5 13. Nxf6+ gxf6 14. Bb5+ Nd7 15. Qxb7 Rc8 16. Bf4 e5 17. Rfd1 Rc7 18.
Bxd7+ Rxd7 19. Rxd7 Qxd7 20. Qa8+ Qd8 21. Qc6+ Qd7 22.
Qxc5 exf4 23. Re1+ Kd8 24. Re4 Qd1+ 25. Kh2 Qc2 26.
Qd6+ Kc8 27. Rc4+ Kb7 28. Rc7+ Ka8 29. Qc6+ Kb8 30. Qb7# 1-0

[Event "*** SCC Grand Prix: Titled Tuesday Blitz"]
[Site "Chess.com"]
[Date "2020.10.13"]
[Round "3"]
[White "AnnaChessLook"]
[Black "IvanSoriano1"]
[Result "0-1"]
[WhiteElo "2226"]
[BlackElo "2508"]
[TimeControl "180+1"]
[EndTime "10:26:38 PDT"]
[Termination "IvanSoriano1 won by resignation"]

1. d4 Nf6 2. c4 e6 3. Nf3 d5 4. Nc3 c6 5. cxd5 exd5 6. Bg5 Be7 7. Qc2 g6 8. e3 Bf5 9. Bd3 Bxd3 10. Qxd3 O-O 11. O-O Nbd7 12. Rab1 a5 13. a3 Re8 14. b4 axb4 15. axb4 Ne4 16. Bxe7 Qxe7 17. Nd2 Nxd2 18. Qxd2 b5 19. Rfe1 Nb6 20. e4 Nc4 21. Qf4 Ra3 22. Rbc1 Qxb4 23. Nb1 Ra1 24. Qf6 dxe4 25. Qxc6 Rf8 26. d5 Na3 27. Nxa3 Qxe1+ 0-1

[Event "*** SCC Grand Prix: Titled Tuesday Blitz"]
[Site "Chess.com"]
[Date "2020.10.13"]
[Round "3"]
[White "GigaQuparadze"]
[Black "KaterynaLagno"]
[Result "1-0"]
[WhiteElo "2971"]
[BlackElo "2717"]
[TimeControl "180+1"]
[EndTime "10:26:41 PDT"]
[Termination "GigaQuparadze won by checkmate"]

1. e4 e5 2. Nf3 Nc6 3. Bb5 g6 4. c3 Bg7 5. d4 exd4 6. cxd4 a6 7. Ba4 b5 8. Bb3 Nge7 9. d5 Na5 10. Bd2 Nxb3 11. Qxb3 c5 12. Bc3 f6 13. O-O d6 14. a4 b4 15. Bd2 a5 16. Bf4 g5 17.
Bg3 c4 18. Qe3 O-O 19. Nbd2 Ba6 20. Nd4 Qd7 21. Ne6 Ng6 22. Rfc1 Rfc8 23. Nf3 Bh8 24.
Nfd4 Ne5 25. Nf5 Re8 26. Nh6# 1-0

[Event "*** SCC Grand Prix: Titled Tuesday Blitz"]
[Site "Chess.com"]
[Date "2020.10.13"]
[Round "3"]
[White "kidagent"]
[Black "Sesleria"]
[Result "1-0"]
[WhiteElo "2282"]
[BlackElo "2030"]
[TimeControl "180+1"]
[EndTime "10:26:41 PDT"]
[Termination "kidagent won by resignation"]

1. e4 e5 2. Nf3 Nc6 3. Bb5 a6 4. Ba4 Nf6 5. O-O Be7 6. Re1 b5 7. Bb3 d6 8. a4 Rb8 9. axb5 axb5 10. c3 O-O 11. d3 h6 12. h3 Re8 13. Nbd2 g6 14. Nf1 Bf8 15. Be3 Bg7 16. Qd2 h5 17.
Bg5 Be6 18. Bxe6 Rxe6 19. Ne3 Qc8 20. Nd5 Nh7 21. Be3 Ne7 22. d4 c6 23. Nxe7+ Rxe7 24. dxe5 dxe5 25. Red1 Nf6 26. Ng5 Rd7 27. Qc2 Qe8 28.
Nf3 Rbd8 29. Rxd7 Rxd7 30. Nd2 Qd8 31. f3 Rd3 32. Nf1 h4 33. Bg5 Bf8 34. Bxh4 Bc5+ 35. Kh1 Qd6 36. Bxf6 1-0

[Event "*** SCC Grand Prix: Titled Tuesday Blitz"]
[Site "Chess.com"]
[Date "2020.10.13"]
[Round "3"]
[White "elohunter1999"]
[Black "Zkid"]
[Result "0-1"]
[WhiteElo "2605"]
[BlackElo "2814"]
[TimeControl "180+1"]
[EndTime "10:26:43 PDT"]
[Termination "Zkid won by checkmate"]

1. e4 e6 2. d4 d5 3. Nc3 Bb4 4. e5 c5 5. a3 Bxc3+ 6. bxc3 Qa5 7. Bd2 Qa4 8. Qb1 c4 9. h4 Nc6 10. h5 h6 11. Ne2 Bd7 12. g3 Nge7 13. Bh3 O-O-O 14.
O-O f6 15. f4 f5 16. Kh2 g6 17.
g4 gxh5 18. gxf5 Nxf5 19. Bxf5 exf5 20. Ng3 h4 21. Nh5 Rdg8 22. Nf6 Rg7 23. Ra2 Be6 24. Rg1 Rg4 25. Nxg4 fxg4 26. f5 Bxf5 27. Qf1 Ne7 28. e6 g3+ 29. Kg2 Qc6 30. Qf4 Be4+ 31. Kf1 Qxe6 32.
Qxh4 Rf8+ 33. Ke2 Bf3+ 34. Kf1 Qe2# 0-1

[Event "*** SCC Grand Prix: Titled Tuesday Blitz"]
[Site "Chess.com"]
[Date "2020.10.13"]
[Round "3"]
[White "m_ezat"]
[Black "queen_iryna"]
[Result "1-0"]
[WhiteElo "2530"]
[BlackElo "2290"]
[TimeControl "180+1"]
[EndTime "10:26:46 PDT"]
[Termination "m_ezat won by checkmate"]

1. d4 d6 2. c4 e5 3. Nf3 e4 4. Ng5 f5 5. h4 Be7 6. Nh3 Nf6 7. Bg5 O-O 8. Nc3 c6 9. e3 Na6 10. Nf4 Nc7 11. Qc2 Bd7 12. O-O-O b5 13. f3 c5 14. dxc5 dxc5 15. cxb5 exf3 16. Bc4+ Kh8 17. h5 Ng4 18. Ng6+ hxg6 19. hxg6+ Nh6 20. Bxh6 gxh6 21. Rxh6+ Kg7 22. Rdh1 Bg5 23. Rh7+ Kxg6 24. gxf3 Bxe3+ 25. Kb1 Ne6 26. Bxe6 Bxe6 27. Qg2+ Kf6 28. Qg7# 1-0

[Event "*** SCC Grand Prix: Titled Tuesday Blitz"]
[Site "Chess.com"]
[Date "2020.10.13"]
[Round "3"]
[White "NiranjanNavalgund"]
[Black "RobertoJBM"]
[Result "0-1"]
[WhiteElo "2443"]
[BlackElo "2713"]
[TimeControl "180+1"]
[EndTime "10:26:54 PDT"]
[Termination "RobertoJBM won by resignation"]

1. e4 c6 2. Nc3 d5 3. Nf3 dxe4 4. Nxe4 Bg4 5. Qe2 e6 6. h3 Bxf3 7. Qxf3 Nd7 8. d4 Ndf6 9. Nxf6+ Nxf6 10. c3 Qd5 11.
Be2 Bd6 12. Be3 O-O 13. O-O Rfe8 14. Rfe1 Qxf3 15. Bxf3 Nd5 16. Bd2 g6 17. g3 h5 18.
h4 Bf8 19. Kg2 Kh7 20. Re2 Bh6 21. Be1 Red8 22. Be4 Rd7 23. Bc2 Rad8 24. Bb3 Kg7 25. a4 Kg8 26. a5 a6 27. Bc4 Kh7 28. f3 Ne3+ 29. Rxe3 Bxe3 30. f4 c5 31. dxc5 Bxc5 32. Kf3 Rd1 33. Rxd1 Rxd1 34. Ke2 Rd7 35. b4 Ba7 36.
Bd3 Kg7 37. Be4 f5 38. Bf3 Kf6 39. Bd2 e5 40. fxe5+ Kxe5 41. Bf4+ Ke6 42. Bg5 Bb8 43. Kf2 Be5 44. c4 Bc3 45. b5 axb5 46. cxb5 Bxa5 47.
Ke2 Bc3 0-1

[Event "*** SCC Grand Prix: Titled Tuesday Blitz"]
[Site "Chess.com"]
[Date "2020.10.13"]
[Round "3"]
[White "Fighter008"]
[Black "GiantThresher"]
[Result "0-1"]
[WhiteElo "2630"]
[BlackElo "2835"]
[TimeControl "180+1"]
[EndTime "10:26:56 PDT"]
[Termination "GiantThresher won by resignation"]

1. e4 e6 2. d4 d5 3. Nc3 Nf6 4. Bg5 Be7 5. e5 Nfd7 6. h4 Nc6 7. Qg4 f6 8. exf6 Nxf6 9. Qd1 O-O 10. Nf3 h6 11. Bd3 Qe8 12. Be3 Bb4 13. O-O Ng4 14. Nh2 Nxh2 15. Kxh2 e5 16. Nxd5 Bd6 17. g3 Qe6 18. dxe5 Nxe5 19. Nf4 Rxf4 20. Bxf4 Qh3+ 21. Kg1 Ng4 22. Bc4+ Kh8 23. Qxg4 Bxg4 24. Bxd6 Bf3 0-1

[Event "*** SCC Grand Prix: Titled Tuesday Blitz"]
[Site "Chess.com"]
[Date "2020.10.13"]
[Round "3"]
[White "Alindsay211"]
[Black "pavelalexandru07"]
[Result "1-0"]
[WhiteElo "2422"]
[BlackElo "2230"]
[TimeControl "180+1"]
[EndTime "10:26:58 PDT"]
[Termination "Alindsay211 won by resignation"]

1. e4 c5 2. Nf3 d6 3. d4 cxd4 4.
Nxd4 Nf6 5. Nc3 a6 6. Be3 e5 7.
Nb3 Be6 8. f4 Ng4 9. Bd2 exf4 10. Bxf4 Nc6 11. Qd2 Nge5 12. O-O-O Be7 13. Kb1 O-O 14. Be2 b5 15. Nd5 Nc4 16. Bxc4 bxc4 17. Nxe7+ Nxe7 18. Nd4 d5 19. Bg5 Qd6 20. Bxe7 Qxe7 21.
exd5 Bxd5 22. Nf5 Qg5 23. Qxg5 1-0

[Event "*** SCC Grand Prix: Titled Tuesday Blitz"]
[Site "Chess.com"]
[Date "2020.10.13"]
[Round "3"]
[White "Klavdia_Nik"]
[Black "Flopezin"]
[Result "0-1"]
[WhiteElo "2127"]
[BlackElo "2318"]
[TimeControl "180+1"]
[EndTime "10:26:59 PDT"]
[Termination "Flopezin won on time"]

1. Nf3 d5 2. c4 c6 3. b3 Nf6 4.
Bb2 Bf5 5. g3 e6 6. Bg2 h6 7. d3 Nbd7 8. Nbd2 Bh7 9. Bc3 a5 10.
a3 c5 11. Bb2 Be7 12. Ra2 a4 13. bxa4 Qa5 14. Qa1 O-O 15. O-O Qxa4 16. Rc1 d4 17. Qb1 e5 18. Ne1 Ra7 19. Qc2 Qxc2 20. Nxc2 Ne8 21.
a4 Nd6 22. a5 f5 23. Bd5+ Kh8 0-1

[Event "*** SCC Grand Prix: Titled Tuesday Blitz"]
[Site "Chess.com"]
[Date "2020.10.13"]
[Round "3"]
[White "Parhamov"]
[Black "cassoulet"]
[Result "1-0"]
[WhiteElo "2957"]
[BlackElo "2713"]
[TimeControl "180+1"]
[EndTime "10:27:02 PDT"]
[Termination "Parhamov won by resignation"]

1. e4 e6 2. Nc3 d5 3. d4 Bb4 4. e5 c5 5. a3 Bxc3+ 6. bxc3 Ne7 7. Qg4 cxd4 8. Bd3 Qc7 9. Ne2 Nbc6 10. cxd4 Kf8 11. O-O h5 12. Qf4 Nf5 13. a4 b6 14. c4 dxc4 15. Bxf5 exf5 16. Ba3+ Kg8 17. Bd6 Qd8 18. d5 Na5 19. Nc3 h4 20. h3 Rh6 21.
Rad1 Rg6 22. Bb4 Nb7 23. e6 Qg5 24. Qxg5 Rxg5 25. Rfe1 Nc5 26. Bxc5 bxc5 27. e7 Bd7 28. d6 Rg6 29. Nb5 Re6 30. Nc7 Rc8 31. Nxe6 fxe6 32. Rb1 Kf7 33. Rb7 Ke8 34. Rxa7 Rc6 35. Ra8+ Kf7 36.
Rf8+ Kg6 37. Rxe6+ 1-0

[Event "*** SCC Grand Prix: Titled Tuesday Blitz"]
[Site "Chess.com"]
[Date "2020.10.13"]
[Round "3"]
[White "emiliocordova"]
[Black "mirceaparligras"]
[Result "1/2-1/2"]
[WhiteElo "2826"]
[BlackElo "2637"]
[TimeControl "180+1"]
[EndTime "10:27:02 PDT"]
[Termination "Game drawn by agreement"]

1. Nf3 d5 2. d4 Nf6 3. c4 e6 4. g3 Bb4+ 5. Nbd2 dxc4 6. a3 Bxd2+ 7. Bxd2 b5 8. a4 c6 9. Bg2 Bb7 10. O-O O-O 11. b3 cxb3 12. Qxb3 a6 13. Rfc1 Nbd7 14. Ne1 Qb6 15. e3 c5 16. Bxb7 Qxb7 17. dxc5 Rfc8 18.
axb5 Nxc5 19. Qb4 Nd5 20. Qb1 axb5 21. Rxa8 Qxa8 22. Qxb5 Ne4 1/2-1/2

[Event "*** SCC Grand Prix: Titled Tuesday Blitz"]
[Site "Chess.com"]
[Date "2020.10.13"]
[Round "3"]
[White "tan275"]
[Black "mr_gustavo"]
[Result "0-1"]
[WhiteElo "2234"]
[BlackElo "2419"]
[TimeControl "180+1"]
[EndTime "10:27:02 PDT"]
[Termination "mr_gustavo won by resignation"]

1. d4 Nf6 2. c4 g6 3. g3 Bg7 4. Bg2 O-O 5. Nf3 d6 6. Nc3 Nc6 7. O-O Bg4 8. d5 Na5 9. Nd2 c5 10. Qc2 a6 11. b3 Rb8 12. Bb2 b5 13. e4 bxc4 14. bxc4 Qc7 15. Rab1 Bd7 16. Ba1 Rb4 17. a3 Rxb1 18. Rxb1 Rb8 19. Bf1 Rxb1 20. Qxb1 Qb7 21. Qxb7 Nxb7 22. f4 Ng4 23. Nf3 Ne3 24. Kf2 Nxf1 25.
Kxf1 Na5 26. Nd2 f5 27. exf5 Bxf5 28. Ke1 Bd3 29. Nde4 Nxc4 30. Kf2 Bxe4 0-1

[Event "*** SCC Grand Prix: Titled Tuesday Blitz"]
[Site "Chess.com"]
[Date "2020.10.13"]
[Round "3"]
[White "Keithonsky"]
[Black "Nara_Kh"]
[Result "1-0"]
[WhiteElo "2581"]
[BlackElo "2386"]
[TimeControl "180+1"]
[EndTime "10:27:07 PDT"]
[Termination "Keithonsky won by checkmate"]

1. d4 d5 2. c4 c6 3. Nf3 Nf6 4. Qc2 dxc4 5. Qxc4 Bf5 6. g3 e6 7. Bg2 Nbd7 8. O-O h6 9. Nc3 Be7 10. Re1 Bh7 11. e4 O-O 12. a4 a5 13. Bf4 Rc8 14.
Rad1 Nb6 15. Qe2 Bb4 16. Ne5 Nfd7 17. Qc2 Nxe5 18. Bxe5 Qe7 19. Qb3 f6 20. Bf4 Kh8 21. Be3 Nd7 22. d5 cxd5 23. exd5 e5 24. Bh3 Nc5 25.
Qc4 f5 26. d6 Qf7 27. Qxf7 Rxf7 28. Rd5 Nd7 29. Bd2 Rf6 30. Rd1 Rxd6 31. Rxd6 Bxd6 32. Bxh6 gxh6 33. Rxd6 Nc5 34. Rxh6 Rd8 35. Bxf5 Kg7 36. Rxh7+ Kf6 37. g4 Rd2 38. Rc7 Nb3 39. Ne4# 1-0